 Dungeon Crawl Stone Soup version 0.31-a0-496-g6f97920a28 (webtiles) character file.

Game seed: 10125499434398309293

755 randomguy2701 the Thaumaturge (level 7, -9/37 HPs)
             Began as a Deep Elf Necromancer on Aug 9, 2023.
             Mangled by Duvessa
             ... wielding a +0 rapier
              (18 damage)
             ... on level 4 of the Dungeon.
             The game lasted 00:14:17 (5358 turns).

randomguy2701 the Thaumaturge (DENe)                Turns: 5358, Time: 00:14:17

Health: -9/37      AC:  2    Str:  5    XL:     7   Next: 49%
Magic:  11/20      EV: 18    Int: 22    God:
Gold:   203        SH:  0    Dex: 15    Spells: 21/22 levels left

rFire   + . .        t - +0 shortbow
rCold   + . .        (shield currently unavailable)
rNeg    . . .        a - +0 robe
rPois   .            (no helmet)
rElec   .            j - scarf {rC+ rF+}
rCorr   .            (no gloves)
SInv    .            (no boots)
Will    .....        (no amulet)
Stlth   ++           g - +5 ring of evasion
HPRegen 0.26/turn    (no ring)
MPRegen 0.17/turn

%: no passive effects
@: no status effects
A: no striking features
a: no special abilities


You were on level 4 of the Dungeon.
You visited 1 branch of the dungeon, and saw 4 of its levels.
You also visited: Sewer.

You collected 203 gold pieces.

Inventory:

Hand Weapons
 t - a +0 shortbow (weapon)
Armour
 a - a +0 robe (worn)
 j - a scarf of resistance (worn)
Jewellery
 g - a +5 ring of evasion (left hand)
 i - a ring of fire
Scrolls
 f - 3 scrolls of vulnerability {unknown}
 h - 2 scrolls of identify {unknown}
 k - a scroll of amnesia {unknown}
 n - a scroll of noise {unknown}
 o - 2 scrolls of teleportation {unknown}
 p - 2 scrolls of enchant weapon {unknown}
 q - a scroll of enchant armour {unknown}
 s - a scroll of blinking {unknown}
 u - a scroll of torment {unknown}
 v - a scroll of immolation {unknown}
Potions
 b - a potion of magic
 c - a potion of attraction {unknown}
 d - 3 potions of curing {unknown}
 e - 2 potions of brilliance
 l - a potion of resistance {unknown}
 m - a potion of might {unknown}
 r - 2 potions of ambrosia {unknown}


   Skills:
 + Level 0.4 Fighting
 * Level 2.5 Ranged Weapons
 + Level 2.7 Dodging
 + Level 2.9 Stealth
 * Level 8.4 Spellcasting
 + Level 7.6 Necromancy


You had 21 spell levels left.
You knew the following spells:

 Your Spells              Type           Power      Damage    Failure   Level
a - Necrotise             Necr           100%       1d9       1%          1

Your spell library contained the following spells:

 Spells                   Type           Power      Damage    Failure   Level
 Vampiric Draining        Necr           43%        2d9       1%          3
 Animate Dead             Necr           43%        N/A       3%          4
 Agony                    Necr           43%        N/A       9%          5
 Animate Armour           Summ/Erth      18%        N/A       56%         4
 Summon Lightning Spire   Summ/Air       9%         N/A       56%         4
 Lee's Rapid Deconstruct  Erth           4%         3d5*      89%         5


Dungeon Overview and Level Annotations

Branches:
Dungeon (4/15)              Sewer (visited)
 Temple: D:4-7

Altars:
Ashenzari
Kikubaaqudgha
Nemelex Xobeh
Vehumet
Wu Jian
Yredelemnul

Annotations:
D:3 2 transporters, CraigForest's ghost, amateur FoHu
D:4 Duvessa


Message History

Duvessa hits Dowan with a +0 rapier.
Dowan is destroyed!
Casting: Necrotise (safe; 1% risk of failure)
Confirm with . or Enter, or press ? or * to list all spells.
Aiming: Necrotise (safe; 1% risk of failure)
Press: ? - help, Shift-Dir - straight line, f - Duvessa
Aim: Duvessa, wielding a +0 rapier, wearing a +0 leather armour and carrying a wand of flame (berserk, fast, chance to affect: 70%)
Okay, then.
Casting: Necrotise (safe; 1% risk of failure)
Confirm with . or Enter, or press ? or * to list all spells.
Aiming: Necrotise (safe; 1% risk of failure)
Press: ? - help, Shift-Dir - straight line, f - Duvessa
Aim: Duvessa, wielding a +0 rapier, wearing a +0 leather armour and carrying a wand of flame (berserk, fast, chance to affect: 70%) Duvessa writhes in agony.
Casting: Necrotise (safe; 1% risk of failure)
Confirm with . or Enter, or press ? or * to list all spells.
Aiming: Necrotise (safe; 1% risk of failure)
Press: ? - help, Shift-Dir - straight line, f/p - Duvessa
Aim: Duvessa, wielding a +0 rapier, wearing a +0 leather armour and carrying a wand of flame (lightly wounded, berserk, fast, chance to affect: 70%) Duvessa writhes in agony.
Duvessa hits you with a +0 rapier! Duvessa misses you.
Unknown command.
Casting: Necrotise (safe; 1% risk of failure)
Confirm with . or Enter, or press ? or * to list all spells.
Aiming: Necrotise (safe; 1% risk of failure)
Press: ? - help, Shift-Dir - straight line, f/p - Duvessa
Aim: Duvessa, wielding a +0 rapier, wearing a +0 leather armour and carrying a wand of flame (lightly wounded, berserk, fast, chance to affect: 70%) Duvessa struggles to resist.
Duvessa completely misses you.
Unknown command.
Casting: Necrotise (safe; 1% risk of failure)
Confirm with . or Enter, or press ? or * to list all spells.
Aiming: Necrotise (safe; 1% risk of failure)
Press: ? - help, Shift-Dir - straight line, f/p - Duvessa
Aim: Duvessa, wielding a +0 rapier, wearing a +0 leather armour and carrying a wand of flame (lightly wounded, berserk, fast, chance to affect: 70%) Duvessa writhes in agony.
Duvessa hits you with a +0 rapier!
* * * LOW HITPOINT WARNING * * *
Duvessa completely misses you. Duvessa attacks as you move away!
Duvessa closely misses you. Duvessa hits you with a +0 rapier!!
You die...

......#.#.# .# #####.######
#.#.#.#.#.# #.##.# #.......
#.#.......# #.##.# ########
#.#.......# #.##.# ....
#.#.......# #.##.# ..o.
..#.......# #.##.# .o..
..##.....)#######.##.# #..
..........).)..e.....####
#..
#.##......######@..#....# .
..##........####.....##.#
..####.####........####.#
.......##.....##...# #.#
..###..##.....####.# #.# ..#
#..##.....# #.# #.# ..#
#..##.....# #.# #.### ###
#..##.....# #.# #...##
###..##.....####..###.#..###


You could see Duvessa (berserk, fast).

Vanquished Creatures
  An ice beast (D:4)
  A centaur (D:3)
  A kobold brigand (Sewer)
  Dowan (D:4)
  2 orc wizards (D:4)
  Robin (D:3)
  11 adders
  6 river rats (Sewer)
  2 worms (D:3)
  A dart slug (D:3)
  14 orcs
  4 endoplasms
  3 giant cockroaches
  15 goblins
  12 hobgoblins
  5 jackals
  5 quokkas
  8 ball pythons
  6 bats
  3 frilled lizards
  25 kobolds
  18 rats
  A spectral orc (D:3)
146 creatures vanquished.

Vanquished Creatures (collateral kills)
  A kobold brigand (Sewer)
  A river rat (Sewer)
  An adder (Sewer)
  An endoplasm (D:2)
  A goblin (D:3)
  2 kobolds
  A ball python (Sewer)
  3 frilled lizards
  5 rats (Sewer)
16 creatures vanquished.

Grand Total: 162 creatures vanquished

Notes
Turn   | Place    | Note
-------+----------+-------------------------------------------
     0 | D:1      | randomguy2701 the Deep Elf Necromancer began the quest for
                  | the Orb.
     0 | D:1      | Reached XP level 1. HP: 10/10 MP: 6/6
    76 | D:1      | Reached skill level 5 in Necromancy
   206 | D:1      | Reached XP level 2. HP: 15/15 MP: 6/8
   853 | D:1      | Reached XP level 3. HP: 19/19 MP: 8/10
   987 | D:2      | Reached skill level 4 in Spellcasting
  1477 | D:2      | Reached XP level 4. HP: 20/24 MP: 4/12
  1932 | D:3      | Found an ancient bone altar of Kikubaaqudgha.
  1932 | D:3      | Found a faded altar of an unknown god.
  1974 | D:3      | Noticed Robin
  1978 | D:3      | Found a transporter.
  2139 | D:3      | Killed Robin
  2140 | D:3      | Reached skill level 5 in Spellcasting
  2277 | D:3      | Found a glowing drain.
  2285 | Sewer    | Entered a sewer
  2343 | Sewer    | Reached XP level 5. HP: 28/28 MP: 9/14
  2505 | Sewer    | Reached skill level 6 in Spellcasting
  2689 | Sewer    | Reached XP level 6. HP: 27/32 MP: 6/17
  2814 | Sewer    | Reached skill level 7 in Spellcasting
  3507 | D:3      | Found a basalt altar of Yredelemnul.
  3659 | D:4      | Noticed Dowan
  3669 | D:4      | Noticed Duvessa
  3945 | D:3      | Found a sparkling altar of Nemelex Xobeh.
  4081 | D:3      | Reached XP level 7. HP: 8/36 MP: 12/20
  4373 | D:3      | Found a transporter.
  4373 | D:3      | Noticed CraigForest's ghost (amateur FoHu)
  4502 | D:3      | Found a broken altar of Ashenzari.
  4504 | D:3      | Found a faded altar of an unknown god.
  4506 | D:3      | Found an ornate altar of the Wu Jian Council.
  4836 | D:4      | Reached skill level 8 in Spellcasting
  4948 | D:4      | Reached skill level 1 in Ranged Weapons
  5291 | D:4      | Found a radiant altar of Vehumet.
  5351 | D:4      | Killed Dowan
  5358 | D:4      | Mangled by Duvessa

Illustrated notes

Levels and vault maps discovered:
D:1:      lightli_iron_boxes, layout_loops_ring, fountainhead
D:2:      layout_basic
D:3:      layout_basic, nemelex_spade_bored_becter,
          chequers_temple_overflow_minitemple,
          yredelemnul_forgotten_temple_becter, cheibrodos_sewer_entry_bend,
          gammafunk_ghost_mausoleum, kennysheep_generic_room_8, uniq_robin
D:4:      minmay_chambers_of_threes, layout_basic, old_standard_altar,
          minivault_4, uniq_duvessa, uniq_ijyb

Skill      XL: |  1  2  3  4  5  6  7 |
---------------+----------------------+-----
Necromancy     | 5 6 7 |  7.6
Spellcasting   | 4 5 6 7 8 |  8.4
Ranged Weapons | 2 |  2.5
Fighting       | |  0.4
Dodging        | |  2.7
Stealth        | |  2.9

Action                     |  1- 3 |  4- 6 |  7- 9 || total
---------------------------+-------+-------+-------++-------
  Melee: Unarmed           |     4 |     2 |       ||     6
         Shortbow          |       |       |     2 ||     2
   Fire: Shortbow          |       |       |    42 ||    42
   Cast: Necrotise         |    64 |   170 |    48 ||   282
  Evoke: Wand              |       |       |     2 ||     2
    Use: Potion            |       |       |     3 ||     3
 Armour: Robe              |     7 |     2 |     2 ||    11
  Dodge: Dodged            |    19 |    53 |    55 ||   127

Table legend: (Time is in decaauts)
 A = Elapsed time spent in this place.
 B = Non-inter-level travel time spent in this place.
 C = Inter-level travel time spent in this place.
 D = Time resting spent in this place.
 E = Time spent auto-exploring this place.
 F = Levels seen in this place.
 G = Mean time per level.
                   A        B        C        D        E       F      G
               +--------+--------+--------+--------+--------+-----+--------+
         Total |   5393 |   5290 |    103 |      0 |   4121 |   5 | 1078.6 |
       Dungeon |   4274 |   4171 |    103 |      0 |   3218 |   4 | 1068.5 |
         Sewer |   1119 |   1119 |      0 |      0 |    903 |   1 | 1119.0 |
               +--------+--------+--------+--------+--------+-----+--------+

Top non-repeatable levels by time:
     D:3: 1421 daAuts
   Sewer: 1119 daAuts
     D:4: 1115 daAuts
     D:1: 979 daAuts
     D:2: 758 daAuts
